 Dungeon Crawl Stone Soup version 0.10.0-32-gfa280cc character file.

12129 brobot the Covert (level 11, -1/70 (72) HPs)
             Began as a Vampire Wizard on Apr 19, 2012.
             Was a Follower of Kikubaaqudgha.
             Slain by a soldier ant zombie (6 damage)
             ... on Level 13 of the Dungeon on Apr 21, 2012.
             The game lasted 02:58:49 (20297 turns).

brobot the Covert (Vampire Wizard)                 Turns: 20297, Time: 02:58:50

HP  -1/70 (72)   AC 11     Str  6      XL: 11   Next: 38%
MP   8/27        EV 14     Int 26      God: Kikubaaqudgha [*.....]
Gold 837         SH  0     Dex 12      Spells:  8 memorised,  4 levels left

Res.Fire  : + . .   See Invis. : +   F - +3,+4 elf short sword (drain)
Res.Cold  : + + .   Warding    : . . a - +3 orc leather armour
Life Prot.: + + +   Conserve   : .   (no shield)
Res.Acid. : + . .   Res.Corr.  : +   I - +2 golden helmet {Int+3}
Res.Poison: +       Clarity    : .   y - +0 cloak
Res.Elec. : .       Spirit.Shd : .   (no gloves)
Sust.Abil.: + .     Stasis     : .   m - +0 pair of boots
Res.Mut.  : .       Ctrl.Telep.: .   t - amulet of resist corrosion
Res.Rott. : +       Levitation : .   M - ring of protection from fire
Saprovore : . . .   Ctrl.Flight: .   h - ring of sustain abilities

@: burdened, non-regenerating, very slightly contaminated, slow, somewhat
resistant to hostile enchantments, stealthy
A: bottle blood, fangs 3, see invisible, unbreathing
a: Bat Form, Bottle Blood, Receive Corpses, Renounce Religion


You were on level 13 of the Dungeon.
You worshipped Kikubaaqudgha.
Kikubaaqudgha was most pleased with you.
You were encumbered.
You were bloodless.

You visited 2 branches of the dungeon, and saw 14 of its levels.
You visited 1 bazaar.

You collected 817 gold pieces.

Inventory:

Hand weapons
 k - a +1,+2 short sword of draining
 F - a +3,+4 elven short sword of draining (weapon)
Armour
 a - a +3 orcish leather armour (worn)
 m - a +0 pair of boots (worn)
 y - a +0 cloak (worn)
 I - a +2 golden helmet of intelligence (worn)
Magical devices
 l - a wand of digging (8)
 n - a wand of frost (12)
 r - a wand of heal wounds (1) {unknown}
 w - a wand of draining (7) {unknown}
 x - a wand of frost (4)
 z - a wand of polymorph other (9) {unknown}
 A - a wand of teleportation (9) {unknown}
 H - a wand of paralysis (5) {unknown}
 O - a wand of paralysis (7) {unknown}
Scrolls
 q - 6 scrolls of remove curse
 s - 2 scrolls of teleportation
 K - 2 scrolls of detect curse
 R - 4 scrolls of blinking
Jewellery
 h - a ring of sustain abilities (left hand)
 p - an uncursed ring of see invisible
 t - an amulet of resist corrosion (around neck)
 L - an uncursed ring of protection from magic {unknown}
 M - a ring of protection from fire (right hand)
Potions
 b - 2 potions of speed
 d - a potion of heal wounds
 f - a potion of blood
 g - 3 potions of curing
 j - 2 potions of cure mutation
 o - a potion of berserk rage
 v - 2 potions of magic
Books
 c - a book of Minor Magic

   Spells                             Type                      Level
   Magic Dart                         Conjuration                  1
   *Blink                             Translocation                2
   *Call Imp                          Summoning                    2
   Repel Missiles                     Charms/Air                   2
   Slow                               Hexes                        2
   Conjure Flame                      Conjuration/Fire             3
   *Mephitic Cloud                    Conjuration/Poison/Air       3
 i - a book of Hinderance

   Spells                             Type                      Level
   Confusing Touch                    Hexes                        1
   Slow                               Hexes                        2
   Confuse                            Hexes                        3
   Petrify                            Transmutation/Earth          4
   Leda's Liquefaction                Transmutation/Earth          4
   Metabolic Englaciation             Hexes/Ice                    6
 D - a book of Necromancy {god gift}

   Spells                             Type                      Level
   *Pain                              Necromancy                   1
   Animate Skeleton                   Necromancy                   1
   Lethal Infusion                    Charms/Necromancy            2
   *Vampiric Draining                 Necromancy                   3
   *Regeneration                      Charms/Necromancy            3
   *Animate Dead                      Necromancy                   4
   *Control Undead                    Necromancy                   4
 E - a book of Clouds

   Spells                             Type                      Level
   Evaporate                          Fire/Transmutation           2
   *Mephitic Cloud                    Conjuration/Poison/Air       3
   Conjure Flame                      Conjuration/Fire             3
   Poisonous Cloud                    Conjuration/Poison/Air       6
   Freezing Cloud                     Conjuration/Ice/Air          6
   Ring of Flames                     Charms/Fire                  7


   Skills:
 * Level 4.4 Fighting
 * Level 4.9 Short Blades
 * Level 3.2 Armour
 * Level 6.2 Dodging
 * Level 8.8 Stealth
 * Level 5.5 Stabbing
 + Level 0.4 Traps & Doors
 + Level 8.0 Spellcasting
 * Level 3.5 Conjurations
 + Level 5.5 Summonings
 * Level 4.7 Necromancy
 * Level 3.9 Translocations
 * Level 5.0 Air Magic
 * Level 3.7 Poison Magic


You had 4 spell levels left.
You knew the following spells:

 Your Spells              Type           Power        Failure   Level  Hunger
a - Pain                  Necr           #####        1%          1    None
b - Blink                 Tloc           N/A          1%          2    None
c - Control Undead        Necr           #####.....   12%         4    Choko
d - Vampiric Draining     Necr           #####.....   2%          3    None
e - Regeneration          Chrm/Necr      ####......   10%         3    None
i - Call Imp              Summ           ######....   1%          2    None
m - Mephitic Cloud        Pois/Air/Conj  #####....    3%          3    None
z - Animate Dead          Necr           N/A          12%         4    Choko

Dungeon Overview and Level Annotations

Branches:
Dungeon (13/27)            Temple (1/1) D:4            Lair (0/8) D:13
    Orc: D:6-11

Altars:
Ashenzari
Cheibriados
Elyvilon
Fedhas
Kikubaaqudgha
Makhleb
Nemelex Xobeh
Okawaru
Sif Muna
The Shining One
Trog
Vehumet
Xom
Yredelemnul
Zin

Shops:
D:5: + D:7: [ D:8: *

Portals:
Trove: D:11 (give 8 potions of speed)
Ziggurat: D:6 (3470 gp) D:10 (4460 gp)

Annotations
D:8 Wolfechu's ghost, experienced KoBe


Innate Abilities, Weirdness & Mutations

You do not heal naturally.
You can bottle blood from corpses.
You have razor-sharp teeth.*
You have supernaturally acute eyesight.
You can survive without breathing.*


Message History

Your iron imp hits the soldier ant zombie!
The soldier ant zombie hits your iron imp but does no damage.
Your iron imp hits the soldier ant zombie!
The soldier ant zombie barely misses your iron imp.
Your iron imp hits the soldier ant zombie.
The soldier ant zombie hits your iron imp.
Your iron imp hits the soldier ant zombie!
There is a stone staircase leading up here.
You climb upwards.
There is a stone staircase leading down here.
A komodo dragon zombie is nearby!
The komodo dragon zombie bites you!
* * * LOW HITPOINT WARNING * * *
The komodo dragon zombie closely misses you.
You climb downwards.
The soldier ant zombie hits you but does no damage.
There is a stone staircase leading up here.
The soldier ant zombie hits you.
You die...
Kikubaaqudgha rasps: "You have failed me!
Welcome... oblivion!"

.............##..............#.##
#########..####........((........
#### ##..# #.............)#.##
...###...f.####..............#.##
##f.....#........................
P..f..f...............##.#.......
..P...f...##..........##.#.......
.ffPffP...f#..........##.#.....##
..f.fPff........@...#.##.#.c....#
.ff.PPP.P.f....z<............#§..
f.P..P.fff..........#.##.#I#.##§.
ff..P.fPPff.....)...#.##.#.#.###.
PP..ff..P....#....###.##.#.# # ##
f.ff..Pf....f##.### #.##.#.# #
.P..>ff.fPf..##.#####5##.#.#
f.PP.f.fff.P.........z##.#.#
.PffP..f..f..#........##.....#


You could see a soldier ant zombie.

Vanquished Creatures
  A centaur warrior (D:13)
  An unseen horror (D:13)
  3 hill giants
  A two-headed ogre (D:13)
  A wraith (D:13)
  A wyvern (D:8)
  11 yaks
  A necrophage (D:13)
  A wyvern zombie (D:13)
  4 orc warriors
  An ogre (D:3)
  A sky beast (D:8)
  A big kobold (D:11)
  A basilisk zombie (D:13)
  Sigmund (D:7)
  6 giant frogs
  A killer bee zombie (D:13)
  3 wights (D:9)
  2 killer bees
  11 crimson imps
  Dowan (D:7)
  A big kobold skeleton (D:13)
  An iron imp (D:8)
  2 hounds
  2 iguanas (D:11)
  An orc priest (D:11)
  5 gnolls
  A green rat (D:13)
  4 adders
  6 white imps
  2 giant geckos
  24 orcs
  7 giant cockroaches
  9 goblins
  5 hobgoblins
  10 jackals
  A quokka (D:3)
  A ball python (D:1)
  17 bats
  8 giant newts
  21 kobolds
  A kobold zombie (D:9)
  3 orc zombies (D:8)
  14 rats
  2 ballistomycetes (D:8)
  11 toadstools
213 creatures vanquished.

Vanquished Creatures (collateral kills)
  Erica (D:11)
  A hydra (D:12)
  3 hill giants
  A cyclops (D:11)
  A dragon zombie (D:12)
  A slime creature (D:11)
  A troll (D:12)
  The ghost of trabius the Covert, an average OpCK of Xom (D:5)
  A mottled dragon (D:13)
  The ghost of Xye the Sneak, an average SESt (D:4)
  A hungry ghost (D:7)
  2 wyverns
  2 wraiths
  3 hippogriffs
  2 yaks
  5 necrophages
  3 sky beasts
  8 orc warriors
  2 ice beasts
  2 phantoms
  8 ogres
  2 rotting devils (D:13)
  3 big kobolds
  2 steam dragons
  6 centaurs
  Duvessa (D:7)
  2 water moccasins
  A basilisk zombie (D:7)
  6 giant frogs
  A killer bee zombie (D:11)
  4 killer bees
  2 wights (D:9)
  2 goliath beetles
  9 crimson imps
  2 big kobold skeletons
  2 orc priests
  3 iguanas
  8 hounds
  3 hound skeletons
  5 orc wizards
  4 scorpions
  8 worker ants
  3 jellies
  A mummy (D:11)
  A goliath beetle zombie (D:8)
  31 gnolls
  4 adders
  A giant centipede zombie (D:13)
  2 worms
  A giant mite (D:5)
  A giant eyeball (D:8)
  A giant gecko (D:6)
  An ooze (D:6)
  82 orcs
  A giant cockroach (D:10)
  14 goblins
  11 hobgoblins
  23 jackals
  23 kobolds
  5 quokkas
  5 bats
  A giant newt (D:6)
  A giant spore (D:8)
  3 hobgoblin skeletons
  A jackal skeleton (D:5)
  A quokka skeleton (D:6)
  7 rats
  A rat skeleton (D:4)
  A ballistomycete (D:8)
  3 toadstools (D:3)
356 creatures vanquished.

Vanquished Creatures (others)
  A hydra zombie (D:12)
  A human zombie (D:11)
  A yak (D:12)
  An orc warrior (D:7)
  6 yak zombies
  3 giant frog zombies
  A two-headed ogre zombie (D:13)
  A centaur zombie (D:8)
  A hippogriff zombie (D:11)
  3 killer bee zombies
  An ogre zombie (D:12)
  87 crimson imps
  A big kobold zombie (D:11)
  A hound zombie (D:10)
  18 iron imps
  4 worker ant zombies
  37 orc zombies
  A goliath beetle zombie (D:12)
  An adder zombie (D:13)
  2 steam dragon zombies
  A scorpion zombie (D:9)
  37 shadow imps
  77 white imps
  A bat skeleton (D:4)
  2 bat zombies
  A gnoll skeleton (D:3)
  6 gnoll zombies
  A green rat zombie (D:13)
  4 orcs
  A bat (D:13)
  A giant gecko zombie (D:12)
  4 giant spores (D:13)
  4 goblin zombies
  A hobgoblin zombie (D:12)
  A jackal skeleton (D:6)
  5 jackal zombies
  8 kobold zombies
  4 orc skeletons
  A quokka zombie (D:11)
  3 rat zombies (D:12)
  14 toadstools
349 creatures vanquished.

Grand Total: 918 creatures vanquished

Notes
Turn   | Place    | Note
--------------------------------------------------------------
     0 | D:1      | brobot, the Vampire Wizard, began the quest for the Orb.
     0 | D:1      | Reached XP level 1. HP: 11/11 MP: 6/6
   235 | D:1      | Reached XP level 2. HP: 17/17 MP: 8/8
   239 | D:1      | Learned a level 2 spell: Blink
   242 | D:1      | Learned a level 2 spell: Call Imp
   506 | D:1      | Reached skill level 1 in Conjurations
   623 | D:2      | Reached skill level 1 in Short Blades
   664 | D:2      | Reached skill level 1 in Translocations
   664 | D:2      | Reached XP level 3. HP: 22/22 MP: 1/10
   669 | D:2      | Learned a level 3 spell: Mephitic Cloud
  1560 | D:3      | Reached skill level 4 in Spellcasting
  1580 | D:3      | Reached XP level 4. HP: 28/28 MP: 0/13
  1767 | D:3      | Reached skill level 1 in Stabbing
  1967 | D:3      | Reached skill level 1 in Air Magic
  2434 | D:3      | Reached XP level 5. HP: 22/33 MP: 11/15
  2742 | D:3      | Reached skill level 1 in Fighting
  3293 | D:3      | Reached XP level 6. HP: 36/39 MP: 5/17
  4130 | D:4      | Reached skill level 1 in Armour
  4130 | D:4      | Reached skill level 1 in Poison Magic
  4302 | D:4      | Noticed Xye's ghost (average SESt)
  4317 | D:4      | Killed Xye's ghost
  4658 | D:4      | Found a staircase to the Ecumenical Temple.
  4670 | Temple   | Entered the Ecumenical Temple
  4683 | Temple   | Became a worshipper of Kikubaaqudgha
  4955 | D:5      | Entered Level 5 of the Dungeon
  5249 | D:5      | Reached XP level 7. HP: 45/45 MP: 9/18
  5380 | D:5      | Found Vicascharye's Book Shop.
  5565 | D:5      | Noticed trabius' ghost (average OpCK)
  5588 | D:5      | Killed trabius' ghost
  5688 | D:5      | Found a burning altar of Makhleb.
  5976 | D:6      | Found a shimmering altar of Xom.
  5994 | D:6      | Found a gateway to a ziggurat.
  6025 | D:6      | Reached skill level 5 in Stealth
  6720 | D:6      | Reached XP level 8. HP: 52/52 MP: 5/20
  6939 | D:6      | Reached skill level 5 in Spellcasting
  7348 | D:7      | Noticed Duvessa
  7377 | D:7      | Killed Duvessa
  7388 | D:7      | Noticed Sigmund
  7424 | D:7      | Killed Sigmund
  8102 | D:7      | Found an iron altar of Okawaru.
  8102 | D:7      | Noticed Dowan
  8112 | D:7      | Killed Dowan
  8243 | D:7      | Found Xid Las' Antique Armour Shoppe.
  9647 | D:8      | Acquired Kikubaaqudgha's first power
  9647 | D:8      | Received a gift from Kikubaaqudgha
  9672 | D:8      | Reached XP level 9. HP: 57/57 MP: 4/22
  9678 | D:7      | Learned a level 1 spell: Pain
  9682 | D:7      | Learned a level 3 spell: Vampiric Draining
 10226 | D:8      | Reached skill level 6 in Spellcasting
 10489 | D:8      | Reached skill level 1 in Necromancy
 10629 | D:8      | Found Tynutyosch's General Store.
 11394 | D:8      | Noticed Wolfechu's ghost (experienced KoBe)
 12492 | D:9      | Learned a level 4 spell: Animate Dead
 12854 | D:9      | Gained mutation: Your magical capacity is low (-10% MP).
 12856 | D:9      | Lost mutation: Your magical capacity is low (-10% MP).
 13399 | D:9      | Learned a level 4 spell: Control Undead
 13699 | D:9      | Reached XP level 10. HP: 59/63 MP: 23/25
 13956 | D:10     | Entered Level 10 of the Dungeon
 14417 | D:10     | Found a gateway to a ziggurat.
 14718 | D:10     | Reached skill level 7 in Stealth
 15009 | D:11     | Noticed Erica
 15051 | D:11     | Killed Erica
 15051 | D:11     | Reached skill level 5 in Dodging
 15307 | D:11     | Your ally Erica died
 16051 | D:11     | Found a portal to a secret trove of treasure.
 16386 | D:11     | Acquired Kikubaaqudgha's second power
 16783 | D:12     | Found a burning altar of Makhleb.
 16963 | D:12     | Reached skill level 8 in Stealth
 16963 | D:12     | Reached skill level 5 in Summonings
 17298 | D:12     | Reached skill level 5 in Stabbing
 17387 | D:12     | Found a flickering gateway to a bazaar. 17392
                  | bazaar
                  | Entered a bazaar 17392
                  | bazaar
                  | Found Bisiesk's Armour Shop. 17392
                  | bazaar
                  | Found Lidun's Food Boutique. 17392
                  | bazaar
                  | Found Khoal's Assorted Antiques. 17392
                  | bazaar
                  | Found Udoalyno's Antique Weapon Boutique. 17392
                  | bazaar
                  | Found Kucwywk's Distillery. 17392
                  | bazaar
                  | Found Weudeine's General Store.
 18116 | D:12     | Reached XP level 11. HP: 69/69 MP: 10/27
 18832 | D:13     | Found a staircase to the Lair.
 19034 | D:13     | Learned a level 3 spell: Regeneration
 19853 | D:13     | Reached skill level 5 in Air Magic
 20297 | D:13     | Slain by a soldier ant zombie
